 Dungeon Crawl Stone Soup version 0.19.0-22-gd96e5fe (webtiles) character file.

422 Melicamp the Covert (level 6, -3/32 HPs)
             Began as a Deep Elf Enchanter on Nov 19, 2016.
             Killed from afar by an orc wizard (7 damage)
             ... with a magic dart
             ... on level 4 of the Dungeon.
             The game lasted 00:20:52 (4417 turns).

Melicamp the Covert (Deep Elf Enchanter)            Turns: 4417, Time: 00:20:53

Health: -3/32      AC:  3    Str:  5    XL:     6   Next: 63%
Magic:  1/12       EV: 13    Int: 20    God:
Gold:   259        SH:  0    Dex: 17    Spells: 3 memorised, 5 levels left

rFire  . . .     SeeInvis .     a - +1 dagger
rCold  . . .     Gourm    .     b - +1 robe
rNeg   . . .     Faith    .     (no shield)
rPois  .         Spirit   .     (no helmet)
rElec  .         Reflect  .     (no cloak)
rCorr  .         Harm     .     (no gloves)
MR     .....                    (no boots)
Stlth  ++++......               (no amulet)
                                (no ring)
                                (no ring)

@: very slightly contaminated
A: no striking features
a: no special abilities


You were on level 4 of the Dungeon.
You were not hungry.

You visited 1 branch of the dungeon, and saw 4 of its levels.

You collected 259 gold pieces.

Inventory:

Hand Weapons
 a - a +1 dagger (weapon)
 d - a +0 long sword of slicing
Armour
 b - a +1 robe (worn)
Jewellery
 f - an uncursed ring of resist corrosion {unknown}
 h - an uncursed ring of positive energy {unknown}
 i - an uncursed amulet of the gourmand {unknown}
 n - an uncursed ring of protection from cold {unknown}
 u - an uncursed ring of flight {unknown}
Scrolls
 p - a scroll of immolation
Potions
 e - a potion of lignification {unknown}
 j - 3 potions of curing
 k - a potion of magic {unknown}
 m - 2 potions of mutation
 o - a potion of flight {unknown}
 q - a potion of degeneration {unknown}
 s - a potion of might {unknown}
 t - a potion of haste {unknown}
Books
 c - a book of Maledictions

   Spells                             Type                      Level
   a - Corona                         Hexes                        1
   b - Ensorcelled Hibernation        Hexes/Ice                    2
   c - Confuse                        Hexes                        3
   d - Tukima's Dance                 Hexes                        3
   e - Dazzling Spray                 Conjuration/Hexes            3
Comestibles
 g - 4 meat rations
 l - 4 bread rations
 r - 2 chunks of flesh


   Skills:
 + Level 4.2 Short Blades
 - Level 2.4 Dodging
 - Level 8.0 Stealth
 - Level 3.0 Spellcasting
 - Level 4.0 Hexes


You had 5 spell levels left.
You knew the following spells:

 Your Spells              Type           Power        Failure   Level  Hunger
a - Corona                Hex            ###....      2%          1    None
b - Confuse               Hex            ###.....     10%         3    ###....
c - Ensorcelled Hibernat  Hex/Ice        ##....       12%         2    ##.....


Dungeon Overview and Level Annotations

Branches:
Dungeon (4/15)
 Temple: D:4-7

Altars:
Nemelex Xobeh
The Shining One


Message History

Confirm with . or Enter, or press ? or * to list all spells.
Aiming: Confuse
Press: ? - help, Shift-Dir - straight line, f - orc wizard, p - orc priest
Aim: an orc wizard, wielding a dagger and wearing a robe (chance to defeat MR: 50%)
The orc wizard resists with some effort.
An orc wizard comes into view. It is wielding a dagger.
The orc priest looks encouraged for a moment.
The orc wizard gestures wildly while chanting.
The orc wizard blinks!
The orc priest mumbles some strange prayers to Beogh against you.
Beogh smites you!
* * * LOW HITPOINT WARNING * * *
The orc wizard gestures wildly while chanting.
The orc wizard seems to speed up.
The orc wizard points at you and mumbles some strange words.
The magic dart hits you!
* * * LOW HITPOINT WARNING * * *
The orc wizard gestures at you while chanting.
The magic dart hits you!
You die...

########## #........#
#....o...##################
#..oo....o@................
'......>......................###
#..............##############.#
#..............# #.#
#.......######## #.# #...#####
#.# #... #.# #.. #.# #.#


You could see an orc priest, 2 orc wizards and an orc.

Vanquished Creatures
  Sigmund (D:2)
  An orc priest (D:4)
  Jessica (D:2)
  Ijyb (D:2)
  2 worker ants (D:4)
  A howler monkey skeleton (D:4)
  7 adders
  2 oozes
  A dart slug (D:3)
  3 leopard geckos
  6 orcs
  2 giant cockroaches
  7 goblins
  6 hobgoblins
  6 jackals
  2 quokkas
  2 ball pythons
  6 bats
  4 frilled lizards
  8 kobolds
  8 rats
77 creatures vanquished.

Notes
Turn   | Place    | Note
-------+----------+-------------------------------------------
     0 | D:1      | Melicamp the Deep Elf Enchanter began the quest for the Orb.
     0 | D:1      | Reached XP level 1. HP: 10/10 MP: 6/6
   219 | D:1      | Reached skill level 4 in Stealth
   241 | D:1      | Reached XP level 2. HP: 15/15 MP: 8/8
  1165 | D:2      | Reached XP level 3. HP: 19/19 MP: 9/9
  1243 | D:2      | Learned a level 3 spell: Confuse
  1420 | D:2      | Learned a level 2 spell: Ensorcelled Hibernation
  1465 | D:2      | Noticed Jessica
  1470 | D:2      | Killed Jessica
  1470 | D:2      | Reached skill level 5 in Stealth
  1553 | D:2      | Noticed Ijyb
  1572 | D:2      | Noticed Sigmund
  1582 | D:2      | Reached XP level 4. HP: 21/24 MP: 10/10
  1816 | D:2      | Killed Ijyb
  1816 | D:2      | Reached skill level 6 in Stealth
  1838 | D:2      | Killed Sigmund
  1838 | D:2      | Reached skill level 7 in Stealth
  1838 | D:2      | Reached XP level 5. HP: 28/28 MP: 11/11
  1991 | D:2      | Reached XP level 6. HP: 29/32 MP: 9/12
  2206 | D:2      | Found a glowing golden altar of the Shining One.
  3529 | D:4      | Reached skill level 8 in Stealth
  3601 | D:4      | Found a sparkling altar of Nemelex Xobeh.
  4417 | D:4      | Killed from afar by an orc wizard

Skill      XL: |  1  2  3  4  5  6 |
---------------+-------------------+-----
Stealth        | 4 5 7 8 |  8.0
Short Blades   | 2 3 4 |  4.2
Dodging        | |  2.4
Spellcasting   | |  3.0
Hexes          | |  4.0

Action                   |  1- 3 |  4- 6 || total
-------------------------+-------+-------++-------
Melee: Dagger            |    90 |   166 ||   256
 Cast: Ensorcelled Hiber |     2 |    18 ||    20
       Confuse           |     1 |    21 ||    22
  Use: Scroll            |     3 |     5 ||     8
       Potion            |       |     1 ||     1
 Stab: Sleeping          |    12 |    23 ||    35
       Confused          |     1 |     9 ||    10
  Eat: Chunk             |     2 |     3 ||     5
       Bread ration      |       |     2 ||     2
Armor: Robe              |    26 |    33 ||    59
Dodge: Dodged            |    75 |   117 ||   192
